 Dungeon Crawl Stone Soup version 0.21-a0-140-g479285b (webtiles) character file.

127 kuniqs the Digger (level 4, -3/36 HPs)
             Began as a Deep Dwarf Earth Elementalist on July 20, 2017.
             Was an Initiate of Makhleb.
             Killed from afar by Ijyb (23 damage)
             ... with a wand of lightning (?/15)
             ... on level 4 of the Dungeon.
             The game lasted 00:05:09 (2924 turns).

kuniqs the Digger (Deep Dwarf Earth Elementalist)   Turns: 2924, Time: 00:05:10

Health: -3/36      AC:  6    Str: 12    XL:     4   Next: 85%
Magic:  1/7        EV: 11    Int: 16    God:    Makhleb [......]
Gold:   168        SH:  3    Dex: 13    Spells: 5/9 levels left

rFire    . . .     SeeInvis .   (no weapon)
rCold    . . .     Gourm    .   g - +0 buckler {AC+3}
rNeg     . . .     Faith    .   c - +0 robe
rPois    .         Spirit   .   (no helmet)
rElec    .         Reflect  .   m - +0 cloak (curse)
rCorr    .         Harm     .   (no gloves)
MR       .....                  (no boots)
Stlth    ++........             (no amulet)
HPRegen  0.00/turn              (no ring)
MPRegen  0.10/turn              (no ring)

@: non-regenerating, drained
A: damage resistance, heal wounds, sense surroundings 1, no regeneration
a: Heal Wounds, Renounce Religion


You were on level 4 of the Dungeon.
You worshipped Makhleb.
Makhleb was noncommittal.
You were very hungry.

You visited 2 branches of the dungeon, and saw 5 of its levels.

You collected 168 gold pieces.

Inventory:

Missiles
 b - 37 stones (quivered)
Armour
 c - a +0 robe (worn)
 g - a +0 buckler of protection (worn)
 m - a cursed +0 cloak (worn)
Scrolls
 a - a scroll of fog {unknown}
 j - 3 scrolls of identify {unknown}
 k - a scroll of amnesia {unknown}
 l - 3 scrolls of teleportation {unknown}
 n - 2 scrolls of remove curse {unknown}
 q - a scroll of enchant armour {unknown}
 r - a scroll of noise {unknown}
Potions
 f - 4 potions of curing {unknown}
 i - a potion of might {unknown}
 o - a potion of cancellation {unknown}
 p - a potion of invisibility {unknown}
Books
 h - a book of Geomancy

   Spells                             Type                      Level
   a - Sandblast                      Earth                        1
   b - Passwall                       Transmutation/Earth          2
   c - Stone Arrow                    Conjuration/Earth            3
   d - Petrify                        Transmutation/Earth          4
   e - Lee's Rapid Deconstruction     Earth                        5
Comestibles
 d - 2 bread rations
 e - 4 meat rations


   Skills:
 - Level 2.1(1.2) Dodging
 - Level 2.4(1.4) Stealth
 + Level 1.8(0.8) Shields
 + Level 3.0(2.0) Spellcasting
 + Level 1.2(0.3) Conjurations
   Level 0.8(0.0) Transmutations
 + Level 5.2(4.1) Earth Magic
 + Level 0.3(0.0) Invocations


You had 5 spell levels left.
You knew the following spells:

 Your Spells              Type           Power        Failure   Level  Hunger
a - Sandblast             Erth           ##....       6%          1    #......
b - Stone Arrow           Conj/Erth      #.....       36%         3    ###....


Dungeon Overview and Level Annotations

Branches:
Dungeon (4/15)             Temple (1/1) D:4

Altars:
Ashenzari
Cheibriados
Dithmenos
Fedhas
Gozag
Makhleb
Ru
Sif Muna
Trog
Wu Jian
Zin
The Shining One

Shops:
D:4 (

Annotations:
D:3 Wingboner's ghost, weakling DsTm
D:4 1 runed door, Ijyb


Innate Abilities, Weirdness & Mutations

You are resistant to damage.
You can heal yourself by infusing magical energy.
You passively map a small area around you.
You do not regenerate.


Message History

The bolt of lightning misses you.
You feel much better.
Ijyb zaps a wand.
The bolt of lightning misses you. The bolt of lightning hits you!
Aim: Ijyb, wielding a dagger of draining, wearing a scale mail and carrying a wand of lightning (?/15) {zapped: 4} (moderately wounded)
The blast of sand hits Ijyb.
b - 38 stones Ijyb hits you with a dagger of draining.
You feel drained.
Aim: Ijyb, wielding a dagger of draining, wearing a scale mail and carrying a wand of lightning (?/15) {zapped: 4} (heavily wounded)
The blast of sand hits Ijyb.
b - 37 stones Ijyb hits you with a dagger of draining.
You feel drained.
A worker ant comes into view.
The worker ant twitches its antennae in your direction.
Ijyb screams, "Me very upset!"
You see here an iguana corpse.
Ijyb zaps a wand.
The bolt of lightning hits you!
Ouch! That really hurt!
You die...

, #...............#.###### * *,
#.........####.......... .. ,
........#####.....###.# ... *
.................# #.# #..,
.....<..........###.# #.# *,
........#......###'#
###..######.#####.#......##⌠.⌠
,
............#####.#......##.>.
,........##ag.@.....(.....##⌠.⌠
.......a##.#######...#########
.......†#..# ###.# #####
#.........## #.### ##.
).......### #...# #.. .......##
#...#####.# .......*
#...#...... * .......
#...#...... .......*
#...#......


You could see Ijyb and a worker ant.

Vanquished Creatures
  Terence (D:3)
  An iguana (D:4)
  3 adders (D:2)
  2 worms (D:2)
  A leopard gecko (D:3)
  6 bats
  A giant cockroach (D:1)
  3 goblins
  6 hobgoblins
  4 jackals
  4 kobolds
  A frilled lizard (D:1)
  10 rats
43 creatures vanquished.

Notes
Turn   | Place    | Note
-------+----------+-------------------------------------------
     0 | D:1      | kuniqs the Deep Dwarf Earth Elementalist began the quest for the Orb.
     0 | D:1      | Reached XP level 1. HP: 15/15 MP: 3/3
   405 | D:1      | Reached XP level 2. HP: 22/22 MP: 1/5
  1504 | D:2      | Reached skill level 1 in Shields
  1504 | D:2      | Reached XP level 3. HP: 28/28 MP: 3/6
  1509 | D:2      | Learned a level 3 spell: Stone Arrow
  2154 | D:3      | Noticed Wingboner's ghost (weakling DsTm)
  2155 | D:3      | Reached XP level 4. HP: 33/36 MP: 6/8
  2383 | D:3      | Noticed Terence
  2513 | D:3      | Killed Terence
  2513 | D:3      | Reached skill level 1 in Conjurations
  2513 | D:3      | Reached skill level 5 in Earth Magic
  2612 | D:4      | Found a runed door.
  2721 | D:4      | Found Qovuhost's Antique Weapon Boutique.
  2747 | D:4      | Found a staircase to the Ecumenical Temple.
  2752 | Temple   | Entered the Ecumenical Temple
  2798 | Temple   | Became a worshipper of Makhleb the Destroyer
  2893 | D:4      | Noticed Ijyb
  2924 | D:4      | Killed from afar by Ijyb

Vault maps used:
D:1:      dpeg_arrival_arbitrary_a
D:3:      grunt_decor_resistance, uniq_terence, uniq_robin
D:4:      temple_doors_ab, serial_shops, shop, uniq_crazy_yiuf_cottage,
          uniq_grinder, uniq_ijyb
Temple:   eino_temple_rhombus

Skill      XL: |  1  2  3  4 |
---------------+-------------+-----
Spellcasting   | 2 3 |  3.0
Shields        | 1 |  1.8
Conjurations   | 1 |  1.2
Earth Magic    | 5 |  5.2
Dodging        | |  2.1
Stealth        | |  2.4
Transmutations | |  0.8
Invocations    | |  0.3

Action                   |  1- 3 |  4- 6 || total
-------------------------+-------+-------++-------
Melee: Unarmed           |    31 |     6 ||    37
 Cast: Sandblast         |    56 |    26 ||    82
       Stone Arrow       |       |     5 ||     5
 Abil: Heal Wounds       |       |     2 ||     2
  Eat: Chunk             |     4 |     2 ||     6
Armor: Robe              |    30 |     8 ||    38
Dodge: Dodged            |    54 |    19 ||    73
Block: Buckler           |     3 |     5 ||     8
